 Dungeon Crawl Stone Soup version 0.28.0 (webtiles) character file.

Game seed: 15974984513559338607

311754 BeingJoeMalik the Peltast (level 20, -2/168 HPs)
             Began as a Red Draconian Fighter on Feb 13, 2022.
             Was the Champion of Hepliaklqana.
             Slain by an acid blob (8 damage)
             ... created by the Royal Jelly
             ... on level 4 of the Pits of Slime.
             The game lasted 03:11:33 (54945 turns).

BeingJoeMalik the Peltast (Red Draconian Fighter)  Turns: 54945, Time: 03:11:36

Health: -2/168     AC: 16    Str: 19      XL:     20   Next: 42%
Magic:  27/27      EV: 29    Int: 12 (13) God:    Hepliaklqana [******]
Gold:   1431       SH: 24    Dex: 22      Spells: 19/19 levels left

rFire   + . .      SeeInvis +   h - +8 demon whip (freeze)
rCold   . . .      Faith    .   T - +2 kite shield "Kees" {rPois MP+9}
rNeg    . . .      Spirit   .   (armour unavailable)
rPois   +          Reflect  +   Q - +2 hood of the Assassin {Detection Stab+ Stlth++}
rElec   .          Harm     .   U - +0 cloak of Quantum Leap {Int+4 Dex+3}
rCorr   +          Rampage  .   R - +0 pair of gloves of the Turtle {Contam Will++ SInv Stlth+}
Will    +++..                   d - +1 pair of boots
Stlth   ++++++++..              a - amulet of reflection
HPRegen 0.38/turn               S - ring of resist corrosion
MPRegen 0.20/turn               C - +4 ring of evasion

@: mighty, short of breath
A: reduced essence, breathe fire, AC +10, unfitting armour, fire resistance 1,
cold-blooded, deterioration 1, low MP 1
}: 2/15 runes: decaying, serpentine
a: Breathe Fire, Renounce Religion, Recall Ancestor, Ancestor Identity,
Transference, Idealise


You were on level 4 of the Pits of Slime.
You worshipped Hepliaklqana.
Hepliaklqana was exalted by your worship.
You visited 8 branches of the dungeon, and saw 40 of its levels.
You also visited: Trove and Ice Cave.

You collected 3841 gold pieces.
You spent 2410 gold pieces at shops.

Inventory:

Hand Weapons
 b - a +2 whip of venom
 e - the +10 morningstar "Eos" {elec, Halo rElec}
   (You acquired it on level 1 of the Lair of Beasts)

   It occasionally discharges a powerful burst of electricity upon striking a
   foe.
   It grants its wielder a halo, increasing accuracy against those within it.
   rElec:     It insulates you from electricity.
 h - a +8 demon whip of freezing (weapon)
 B - a +1 vampiric whip
Missiles
 f - 6 throwing nets
 k - 4 curare-tipped darts
 A - 11 javelins (quivered)
Armour
 d - a +1 pair of boots (worn)
 w - a +1 tower shield of cold resistance
 E - a +0 kite shield of cold resistance
 K - the +3 crown of Dyrovepreva {rElec Int+2 SInv}
   (You found it in a treasure trove)

   Int:       It affects your intelligence (+2).
   rElec:     It insulates you from electricity.
   SInv:      It lets you see invisible.
 Q - the +2 hood of the Assassin (worn) {Detection Stab+ Stlth++}
   (You found it in a treasure trove)

   It allows the wearer to sense nearby creatures.
   It allows the wearer to make particularly effective stabbing attacks against
   helpless or unaware enemies with any weapon.
   Stlth:     It makes you much more stealthy.
 R - the +0 pair of gloves of the Turtle (worn) {Contam Will++ SInv Stlth+}
   (You found it in a treasure trove)

   SInv:      It lets you see invisible.
   Contam:    It causes magical contamination when unequipped.
   Will:      It greatly increases your willpower.
   Stlth:     It makes you more stealthy.
 T - the +2 kite shield "Kees" (worn) {rPois MP+9}
   (You found it in a treasure trove)

   rPois:     It protects you from poison.
   MP:        It affects your magic capacity (+9).
 U - the +0 cloak of Quantum Leap (worn) {Int+4 Dex+3}
   (You found it in a treasure trove)

   Int:       It affects your intelligence (+4).
   Dex:       It affects your dexterity (+3).
 W - the +0 pair of gloves of Fortification {Slay+5}
   (You found it in a treasure trove)

   Slay:      It affects your accuracy & damage with ranged weapons and melee
   (+5).
Jewellery
 a - an amulet of reflection (around neck)
 g - a ring of magical power
 C - a +4 ring of evasion (right hand)
 F - a ring of see invisible
 S - a ring of resist corrosion (left hand)
Wands
 l - a wand of iceblast (49)
 n - a wand of flame (64)
 u - a wand of digging (11)
 z - a wand of mindburst (30)
 G - a wand of paralysis (3)
 M - a wand of charming (1)
 N - a wand of acid (3)
 Y - a wand of polymorph (10)
Scrolls
 m - 10 scrolls of teleportation
 q - a scroll of amnesia
 x - 2 scrolls of holy word
 y - 2 scrolls of silence
 I - 2 scrolls of blinking
 J - a scroll of magic mapping
 P - 2 scrolls of summoning
 X - 4 scrolls of fog
Potions
 c - 4 potions of might
 i - 3 potions of haste
 j - 10 potions of brilliance
 o - 15 potions of curing
 p - 4 potions of heal wounds
 r - 5 potions of mutation
 s - a potion of invisibility
 t - 4 potions of cancellation
 v - 2 potions of resistance
 D - 2 potions of berserk rage
 L - 3 potions of flight
Miscellaneous
 O - a phantom mirror (inert)


   Skills:
 + Level 17.9 Fighting
 + Level 18.5 Maces & Flails
 - Level 3.1 Throwing
 + Level 17.0 Dodging
 - Level 11.0 Stealth
 + Level 20.9 Shields


You had 19 spell levels left.
You didn't know any spells.
Your spell library contained the following spells:

 Spells                   Type           Power      Damage    Failure   Level
 Beastly Appendage        Tmut           0%         N/A       41%         1
 Sandblast                Erth           0%         2d4       41%         1
 Sting                    Tmut/Pois      0%         1d3       41%         1
 Summon Small Mammal      Summ           0%         N/A       41%         1
 Blink                    Tloc           0%         N/A       54%         2
 Ensorcelled Hibernation  Hex/Ice        0%         N/A       54%         2
 Passwall                 Tmut/Erth      0%         N/A       54%         2
 Poisonous Vapours        Pois/Air       0%         N/A       54%         2
 Wereblood                Tmut           0%         N/A       54%         2
 Call Canine Familiar     Summ           0%         N/A       78%         3
 Confusing Touch          Hex            0%         N/A       78%         3
 Conjure Flame            Conj/Fire      0%         6-21      78%         3
 Frozen Ramparts          Ice            0%         1d2       78%         3
 Gell's Gravitas          Tloc           0%         N/A       78%         3
 Ignite Poison            Fire/Tmut/Pois 0%         N/A       78%         3
 Inner Flame              Hex/Fire       0%         N/A       78%         3
 Lesser Beckoning         Tloc           0%         N/A       78%         3
 Mephitic Cloud           Conj/Pois/Air  0%         N/A       78%         3
 Ozocubu's Armour         Ice            0%         N/A       78%         3
 Spider Form              Tmut/Pois      0%         N/A       78%         3
 Stone Arrow              Conj/Erth      0%         3d7       78%         3
 Summon Guardian Golem    Hex/Summ       0%         N/A       78%         3
 Swiftness                Air            0%         N/A       78%         3
 Anguish                  Hex/Necr       0%         N/A       99%         4
 Cause Fear               Hex            0%         N/A       99%         4
 Ice Form                 Ice/Tmut       0%         N/A       99%         4
 Olgreb's Toxic Radiance  Pois           0%         N/A       99%         4
 Petrify                  Tmut/Erth      0%         N/A       99%         4
 Sticky Flame             Conj/Fire      0%         2d3       99%         4
 Summon Ice Beast         Ice/Summ       0%         N/A       99%         4
 Summon Lightning Spire   Summ/Air       0%         N/A       99%         4
 Alistair's Intoxication  Tmut/Pois      0%         N/A       100%        5
 Blade Hands              Tmut           0%         N/A       100%        5
 Borgnjor's Vile Clutch   Necr/Erth      0%         N/A       100%        5
 Freezing Cloud           Conj/Ice/Air   0%         6-21      100%        5
 Manifold Assault         Tloc           0%         N/A       100%        5
 Metabolic Englaciation   Hex/Ice        0%         N/A       100%        5
 Summon Forest            Summ/Tloc      0%         N/A       100%        5
 Yara's Violent Unravell  Hex/Tmut       0%         3d3       100%        5
 Conjure Ball Lightning   Conj/Air       0%         3x3d6     100%        6
 Eringya's Noxious Bog    Tmut/Pois      0%         N/A       100%        6
 Iron Shot                Conj/Erth      0%         9d1       100%        6
 Simulacrum               Ice/Necr       0%         N/A       100%        6
 Statue Form              Tmut/Erth      0%         N/A       100%        6
 Enfeeble                 Hex            0%         N/A       100%        7
 Ozocubu's Refrigeration  Ice            0%         4d5       100%        7
 Storm Form               Tmut/Air       0%         N/A       100%        7
 Discord                  Hex            0%         N/A       100%        8
 Disjunction              Tloc           0%         N/A       100%        8
 Ignition                 Fire           0%         3d3       100%        8
 Lehudib's Crystal Spear  Conj/Erth      0%         10d2      100%        8
 Maxwell's Capacitive Co  Air            0%         ∞         100%        8
 Dragon's Call            Summ           0%         N/A       100%        9
 Polar Vortex             Ice            0%         N/A       100%        9
 Animate Armour           Summ/Erth      Unusable   N/A       N/A         4

Dungeon Overview and Level Annotations

Branches:
Dungeon (15/15)            Temple (1/1) D:4            Lair (6/6) D:10
  Swamp (4/4) Lair:3        Snake (4/4) Lair:2        Slime (5/5) Lair:6
    Orc (2/2) D:9             Elf (3/3) Orc:2        Vaults (0/5) D:14
  IceCv (visited)
 Depths: D:15

Altars:
Ashenzari
Cheibriados
Dithmenos
Elyvilon
Fedhas
Gozag
Hepliaklqana
Kikubaaqudgha
Makhleb
Nemelex Xobeh
Okawaru
Qazlal
Ru
Sif Muna
Trog
Uskayaw
Vehumet
Wu Jian
Xom
Yredelemnul
Zin
The Shining One
Jiyva

Shops:
Orc:2 **:[(   Elf:3 =:=   Snake:1 :(*!

Annotations:
D:9 3 runed translucent doors, bromine's ghost, novice TrCA
D:11 Kirke
D:13 2 transporters, Iplucs's ghost, journeyman FeBe
Lair:5 2 transporters
Swamp:3 2 transporters
Orc:1 1 runed translucent door, Maimakterion's ghost, journeyman GrFi
Elf:2 3 runed translucent doors


Innate Abilities, Weirdness & Mutations

Your life essence is reduced to manifest your ancestor. (-10% HP)
You can breathe blasts of fire.
Your fiery red scales are hard. (AC +10)
You cannot fit into any form of body armour.
Your flesh is heat resistant. (rF+)
You are cold-blooded and may be slowed by cold attacks.
Your body sometimes deteriorates upon taking damage.
Your magical capacity is low. (-10% MP)


Message History

You block the azure jelly's attack.
The azure jelly hits you but does no damage.
You block the azure jelly's attack. x2; You block the acid blob's attack.
The acid blob spits acid at you.
The splash of acid reflects off an invisible shield around you!
The splash of acid hits the acid blob.
The acid blob completely resists.
The rockslime barely misses you. You block the azure jelly's attack.
The azure jelly barely misses you. The azure jelly closely misses you.
You block the azure jelly's attack. The acid blob barely misses you.
Unknown command.
Unknown command.
Unknown command.
You feel yourself speed up. The acid blob spits acid at you.
The splash of acid hits you. You resist. The azure jelly hits you.
The azure jelly freezes you!! You block the azure jelly's attack. x2
The azure jelly completely misses you. You block the rockslime's attack.
The azure jelly hits you but does no damage.
The azure jelly closely misses you. The azure jelly hits you!
* * * LOW HITPOINT WARNING * * *
The azure jelly closely misses you.
The rockslime is engulfed in blazing flames.
The acid blob completely misses you. The rockslime hits you!!!
* * * LOW HITPOINT WARNING * * *
Your body deteriorates!
You feel dopey.
You hold your ground!
The acid blob barely misses you. You block the rockslime's attack.
The azure jelly misses you. You block the azure jelly's attack.
The azure jelly hits you.
* * * LOW HITPOINT WARNING * * *
The azure jelly hits you.
* * * LOW HITPOINT WARNING * * *
You climb upwards.
There is a stone staircase leading down here.
As you read the scroll of fear, it crumbles to dust.
You assume a fearsome visage.
The rockslime looks frightened! x2
The acid blob easily resists.
The azure jelly looks frightened!
The acid blob resists with almost no effort.
The azure jelly looks frightened!
The acid blob looks frightened!
You block the acid blob's attack. The acid blob hits you!
You die...

...............
.....^.........
#.............
............#..
.#...............
....##J.J.J.....#
.................
........@J......#
.......JJ.......
..........J..#..
............##
.........<..#
##.##........#
............#
........##.##
.......### ##


You could see 3 acid blobs, 2 azure jellies and 2 rockslimes.

Vanquished Creatures
  the Royal Jelly (Slime:5)
  2 deep elf master archers (Elf:3)
  Asterion (Snake:3)
  2 deep elf blademasters (Elf:3)
  A lich (IceCv)
  6 acid blobs
  5 thorn hunters (Swamp:4)
  Donald (Swamp:2)
  9 nagarajas
  3 deep elf sorcerers (Elf:3)
  2 azure jellies
  Aizul (Snake:1)
  2 orc warlords
  A hydra zombie (Swamp:4)
  4 deep elf elementalists (Elf:3)
  3 quicksilver oozes
  A very ugly thing (IceCv)
  Azrael (Elf:1)
  8 bunyips
  8 deep elf annihilators (Elf:3)
  7 deep elf demonologists
  6 eleionomae
  2 vampire knights (Swamp:4)
  4 deep elf death magi (Elf:3)
  An ettin (Orc:2)
  A deep elf high priest (Elf:3)
  Fannar (D:11)
  Harold (D:7)
  3 boulder beetles
  A great orb of eyes (Slime:4)
  2 caustic shrike simulacra (IceCv)
  2 vault guards (D:14)
  12 naga warriors
  15 hydras
  A ghost crab (Swamp:2)
  2 centaur warriors (D:13)
  An ogre mage (D:14)
  4 anacondas
  A merfolk avatar (Lair:6)
  A salamander tyrant (Snake:1)
  Urug (Lair:5)
  4 alligators
  A tengu warrior (D:13)
  3 orc high priests
  6 naga sharpshooters
  15 dancing weapons
  8 death yaks
  2 shock serpents
  24 deep elf knights
  3 salamander mystics
  Nergalle (Orc:1)
  A fire crab (shapeshifter) (D:13)
  A skeletal warrior (D:11)
  7 goliath frogs
  3 sea snakes
  A flayed ghost (Swamp:4)
  10 spriggan druids
  A death drake (Swamp:2)
  An obsidian statue (IceCv)
  5 swamp dragons (Swamp:4)
  5 bog bodies
  13 deep elf archers
  2 spectral hydras (Swamp:4)
  4 naga ritualists
  A wizard (D:15)
  7 orc knights
  A wolf spider zombie (D:14)
  A harpy (shapeshifter) (Elf:2)
  27 deep elf zephyrmancers
  2 necromancers
  22 deep elf pyromancers
  2 orc sorcerers (Orc:2)
  5 shining eyes
  4 will-o-the-wisps
  6 mana vipers
  8 salamanders
  3 oklob plants (Swamp:4)
  5 manticores
  A moth of wrath (Lair:4)
  24 black mambas
  An eye of devastation (Lair:6)
  9 elephants
  3 gargoyles
  5 guardian serpents
  7 cane toads
  10 naga magi
  17 freezing wraiths
  An efreet (D:14)
  2 rime drakes
  4 ice devils (IceCv)
  6 komodo dragons
  4 polar bears
  11 tyrant leeches
  4 trolls
  A golden dragon simulacrum (IceCv)
  A polar bear (shapeshifter) (Elf:3)
  A wind drake (Lair:6)
  A death drake zombie (Swamp:4)
  A troll (shapeshifter) (Elf:1)
  12 hornets
  14 blink frogs
  A snapping turtle (Lair:6)
  A hydra skeleton (Swamp:4)
  4 dream sheep (Lair:6)
  38 slime creatures
  Sigmund (D:3)
  A centaur simulacrum (D:14)
  13 spriggans
  3 water elementals
  5 dire elephant simulacra (IceCv)
  3 wraiths
  Eustachio (D:6)
  A human (D:14)
  A vampire (D:5)
  5 wyverns
  A fire elemental (Elf:3)
  2 hogs (D:12)
  32 yaks
  2 basilisks
  3 steam dragons
  4 vampire mosquitoes
  2 harpy simulacra (IceCv)
  7 wargs
  51 nagas
  4 acid dragons
  19 swamp worms
  18 water moccasins
  5 hell hounds (Elf:1)
  A floating eye (Lair:6)
  6 hydra simulacra
  A hornet zombie (D:5)
  3 hexers
  3 swamp drakes (Swamp:4)
  3 black bears
  4 swamp dragon zombies (Swamp:4)
  29 orc warriors
  3 ice beasts
  5 alligator simulacra (IceCv)
  10 ogres
  9 wolves
  An ettin simulacrum (IceCv)
  4 centaurs
  2 phantoms
  2 kobold brigands (D:8)
  13 bullfrogs
  2 deep troll simulacra (IceCv)
  4 earth elementals
  A water moccasin zombie (D:5)
  5 scorpions
  14 killer bees
  5 wights
  3 howler monkeys
  A vampire bat (D:3)
  2 electric eels (Elf:3)
  A bullfrog zombie (D:6)
  8 centaur zombies
  2 hounds (D:5)
  3 jellies
  10 orc priests
  4 iguanas
  4 centaur skeletons
  Natasha (twice) (D:4)
  17 orc wizards
  A howler monkey zombie (D:9)
  7 adders
  A worm (D:2)
  2 dart slugs
  3 fire bats (D:3)
  59 orcs
  2 spectral bats (D:3)
  16 bats
  3 bat skeletons (D:3)
  4 endoplasms
  A giant cockroach (D:3)
  6 hobgoblins
  6 jackals (D:4)
  2 quokkas
  10 ball pythons
  A bat simulacrum (D:3)
  6 frilled lizards
  6 goblins
  20 kobolds
  2 rats
  3 briar patches (Swamp:4)
1062 creatures vanquished.

Vanquished Creatures (collateral kills)
  An azure jelly (Slime:3)
  A fenstrider witch (Swamp:4)
  A deep elf sorcerer (Elf:3)
  2 deep elf elementalists (Elf:2)
  3 deep elf demonologists (Elf:3)
  A bunyip (Swamp:4)
  A deep elf death mage (Elf:3)
  A great orb of eyes (Slime:5)
  A shambling mangrove (Swamp:1)
  A vault guard (D:14)
  2 naga warriors
  An alligator (Swamp:3)
  3 death yaks
  2 dancing weapons
  An orc high priest (Orc:1)
  A deep elf knight (Elf:3)
  2 goliath frogs
  A swamp dragon (Swamp:3)
  A spriggan druid (Swamp:1)
  A sea snake (Snake:2)
  2 bog bodies
  A naga ritualist (Snake:4)
  2 deep elf archers
  4 deep elf zephyrmancers
  A deep elf pyromancer (Elf:1)
  An orc knight (D:14)
  2 will-o-the-wisps (Swamp:4)
  2 centaur zombies (D:10)
  3 black mambas
  3 elephants (Lair:2)
  2 cane toads (Lair:6)
  A kobold demonologist (D:12)
  3 komodo dragons
  A yaktaur (D:14)
  A tengu conjurer (D:14)
  A rime drake (Lair:3)
  4 freezing wraiths (IceCv)
  3 anaconda simulacra (IceCv)
  A hornet (Swamp:1)
  2 tyrant leeches
  10 blink frogs
  A snapping turtle (Lair:6)
  2 air elementals
  3 slime creatures
  A dream sheep (Lair:6)
  16 yaks
  A shadow (D:11)
  3 water elementals (Elf:2)
  3 spriggans
  A fire elemental (Elf:3)
  2 wraiths
  2 basilisks
  2 wyverns
  2 hogs (D:12)
  A steam dragon (D:8)
  3 vampire mosquitoes
  5 nagas
  2 wargs
  3 swamp worms
  A water moccasin (Lair:6)
  6 orc warriors
  A hornet zombie (D:14)
  An ice beast (D:8)
  2 ogres
  A centaur (D:5)
  A swamp dragon skeleton (Swamp:4)
  A wolf (Lair:1)
  A phantom (D:6)
  3 bullfrogs
  2 killer bees (D:8)
  An electric eel (Lair:3)
  A howler monkey (D:12)
  An orc priest (Orc:2)
  7 orc wizards
  2 white imps (D:6)
  14 orcs
  4 kobolds
  A frilled lizard (D:9)
182 creatures vanquished.

Vanquished Creatures (others)
  2 deep elf knights (Elf:3)
  2 deep elf pyromancers
  3 bloated husks
  A swamp worm (Swamp:1)
  An electric eel (Elf:3)
  38 hexers
  A bat zombie (D:3)
  17 briar patches (Swamp:4)
  30 foxfires
  31 fungi
  67 plants
193 creatures vanquished.

Grand Total: 1437 creatures vanquished

Notes
Turn   | Place    | Note
-------+----------+-------------------------------------------
     0 | D:1      | BeingJoeMalik the Draconian Fighter began the quest for the
                  | Orb.
     0 | D:1      | Reached XP level 1. HP: 19/19 MP: 1/1
   312 | D:1      | Found a faded altar of an unknown god.
   378 | D:1      | Reached XP level 2. HP: 26/26 MP: 2/2
  1105 | D:2      | Reached XP level 3. HP: 31/31 MP: 3/3
  2034 | D:3      | Reached XP level 4. HP: 38/38 MP: 4/4
  2235 | D:3      | Noticed Sigmund
  2532 | D:4      | Found a glowing golden altar of the Shining One.
  2534 | D:4      | Found a sparkling altar of Nemelex Xobeh.
  2535 | D:4      | Found a shimmering altar of Xom.
  2631 | D:4      | Reached skill level 5 in Maces & Flails
  2740 | D:4      | Became a worshipper of the Shining One
  2759 | D:4      | Noticed a scorpion
  2771 | D:4      | Killed a scorpion
  2772 | D:4      | Reached XP level 5. HP: 37/45 MP: 5/5
  3206 | D:4      | Noticed an ogre
  3607 | D:3      | Reached * piety under the Shining One
  3618 | D:3      | Reached XP level 6. HP: 47/51 MP: 6/6
  3886 | D:3      | Killed Sigmund
  3887 | D:3      | Your scales start taking on a fiery red colour.
  3887 | D:3      | Reached XP level 7. HP: 25/57 MP: 7/7
  3887 | D:3      | Gained mutation: Your flesh is heat resistant. (rF+) [Red
                  | Draconian growth]
  4282 | D:4      | Noticed Natasha
  4287 | D:4      | Killed Natasha
  4315 | D:4      | Noticed Natasha
  4531 | D:4      | Found a staircase to the Ecumenical Temple.
  4545 | Temple   | Entered the Ecumenical Temple
  4652 | Temple   | Fell from the grace of the Shining One
  4652 | Temple   | Became a worshipper of Hepliaklqana the Forgotten
  5124 | D:4      | Killed Natasha
  5286 | D:4      | You fall into a shaft and drop 1 floor!
  5286 | D:5      | Entered Level 5 of the Dungeon
  5497 | D:5      | Reached XP level 8. HP: 50/63 MP: 8/8
  5612 | D:5      | Reached skill level 10 in Maces & Flails
  5973 | D:5      | Reached * piety under Hepliaklqana
  6657 | D:6      | Noticed Eustachio
  6693 | D:6      | Killed Eustachio
  6810 | D:6      | Reached XP level 9. HP: 45/63 MP: 9/9
  7318 | D:6      | Reached ** piety under Hepliaklqana
  7319 | D:6      | Remembered your ancestor Mirna as a hexer
  7409 | D:6      | Reached skill level 4 in Shields
  8118 | D:7      | Noticed Harold
  8124 | D:7      | Killed Harold
  8125 | D:7      | Reached XP level 10. HP: 59/70 MP: 10/10
  8530 | D:7      | Found a bloodstained altar of Trog.
  8551 | D:7      | Identified the +8 dagger of Valiance {pain, Str+3}
  9490 | D:8      | Reached skill level 5 in Shields
  9728 | D:8      | Reached skill level 15 in Maces & Flails
 10167 | D:9      | Reached *** piety under Hepliaklqana
 10200 | D:9      | Reached skill level 5 in Fighting
 10522 | D:9      | Found a staircase to the Orcish Mines.
 10709 | D:9      | Reached XP level 11. HP: 43/80 MP: 11/11
 11103 | D:9      | Reached skill level 6 in Shields
 11240 | D:9      | Found a runed translucent gate.
 11240 | D:9      | Found a runed translucent gate.
 11240 | D:9      | Found a runed translucent gate.
 11242 | D:9      | Noticed bromine's ghost (novice TrCA)
 11409 | D:10     | Entered Level 10 of the Dungeon
 12057 | D:10     | Reached skill level 7 in Shields
 12308 | D:10     | Found a staircase to the Lair.
 12326 | D:10     | Reached **** piety under Hepliaklqana
 12585 | D:11     | Reached skill level 5 in Dodging
 12948 | D:11     | Noticed Fannar
 12975 | D:11     | Killed Fannar
 13321 | D:11     | Noticed a skeletal warrior
 13337 | D:11     | Killed a skeletal warrior
 13396 | D:11     | Reached XP level 12. HP: 40/94 MP: 12/12
 14202 | D:12     | Noticed Kirke
 14864 | D:12     | Reached skill level 10 in Fighting
 15033 | D:12     | Reached skill level 8 in Shields
 15195 | D:12     | Noticed a five-headed hydra
 15202 | D:12     | Killed a five-headed hydra
 15647 | D:12     | Found a portal to a secret trove of treasure.
 15656 | Trove    | Entered a treasure trove
 15695 | Trove    | Found the +3 pair of seven-league boots {Rampage+∞}
 15695 | Trove    | Found the +3 crown of Dyrovepreva {rElec Int+2 SInv}
 15697 | Trove    | Found the +2 hood of the Assassin {Detection Stab+ Stlth++}
 15700 | Trove    | Identified the -1 hat of Looduips {-Cast rN+ Will+}
 15711 | Trove    | Identified the +1 robe "Damoq" {rPois}
 15713 | Trove    | Identified the -5 hat of Dim Light {rCorr}
 15719 | Trove    | Identified the +0 pair of gloves of the Turtle {Contam
                  | Will++ SInv Stlth+}
 15721 | Trove    | Identified the +2 hat "Jomm" {Rampage Int+4 Dex+4}
 15723 | Trove    | Identified the +2 kite shield "Kees" {rPois MP+9}
 15725 | Trove    | Identified the +0 cloak of Quantum Leap {Int+4 Dex+3}
 15729 | Trove    | Identified the +0 pair of gloves of Fortification {Slay+5}
 16004 | D:13     | Noticed a five-headed hydra
 16040 | D:13     | Noticed a boulder beetle
 16099 | D:13     | Killed a boulder beetle
 16364 | D:13     | Reached skill level 1 in Stealth
 16661 | D:13     | Noticed a centaur warrior
 16727 | D:13     | Noticed a boulder beetle
 16746 | D:13     | Killed a boulder beetle
 16786 | D:13     | Killed a five-headed hydra
 16992 | D:13     | Reached skill level 9 in Shields
 17037 | D:13     | Noticed a tengu warrior
 17040 | D:13     | Noticed a centaur warrior
 17057 | D:13     | Killed a tengu warrior
 17077 | D:13     | Killed a centaur warrior
 17444 | D:13     | Killed a centaur warrior
 17493 | D:13     | Noticed a boulder beetle
 17496 | D:13     | Noticed Iplucs's ghost (journeyman FeBe)
 17508 | D:13     | Noticed a centaur warrior
 17539 | D:13     | Found a transporter.
 17543 | D:13     | Found a transporter.
 17639 | D:14     | Found a radiant altar of Vehumet.
 17662 | D:13     | Reached XP level 13. HP: 83/104 MP: 13/13
 18693 | D:14     | Reached skill level 10 in Shields
 18838 | D:14     | Found a gate to the Vaults.
 19089 | D:15     | Entered Level 15 of the Dungeon
 19259 | Lair:1   | Entered Level 1 of the Lair of Beasts
 19331 | Lair:1   | Reached skill level 5 in Stealth
 19463 | Lair:1   | Found a sparkling altar of Nemelex Xobeh.
 20114 | Lair:2   | Reached skill level 11 in Shields
 20297 | Lair:2   | Found a staircase to the Snake Pit.
 20871 | Lair:3   | Reached skill level 1 in Throwing
 21164 | Lair:2   | Reached skill level 10 in Dodging
 21164 | Lair:2   | Reached XP level 14. HP: 113/113 MP: 14/14
 21735 | Lair:3   | Identified the +2 scale mail of Indomitability {Dex+3}
 21907 | Lair:3   | Reached skill level 12 in Shields
 22079 | Lair:3   | Found a staircase to the Swamp.
 22543 | Orc:1    | Entered Level 1 of the Orcish Mines
 22543 | Orc:1    | Noticed Maimakterion's ghost (journeyman GrFi)
 22543 | Orc:1    | Found a runed translucent door.
 22725 | Orc:1    | Noticed Nergalle
 22747 | Orc:1    | Killed Nergalle
 23301 | Orc:2    | Entered Level 2 of the Orcish Mines
 23747 | Orc:2    | Found Vauvut's General Store.
 23800 | Orc:2    | Found Ishuy's Book Shoppe.
 23808 | Orc:2    | Bought a manual of Dodging for 1200 gold pieces
 24628 | Lair:4   | Identified the amulet of Oxekyen {Faith Fragile +Blink
                  | Str+4 Slay+2}
 24946 | Lair:5   | Reached skill level 13 in Shields
 25542 | Lair:5   | Found a transporter.
 25547 | Lair:5   | Found a transporter.
 25794 | Lair:5   | Reached ***** piety under Hepliaklqana
 25977 | Lair:5   | Noticed Urug
 26001 | Lair:5   | Killed Urug
 26294 | Lair:6   | Entered Level 6 of the Lair of Beasts
 26298 | Lair:6   | Found a staircase to the Slime Pits.
 26305 | Lair:6   | Paralysed by a floating eye for 2 turns
 26538 | Lair:6   | Reached XP level 15. HP: 121/121 MP: 15/15
 26684 | Lair:6   | Reached skill level 14 in Shields
 26684 | Lair:6   | Reached XP level 16. HP: 128/128 MP: 16/16
 26989 | Lair:6   | Reached skill level 15 in Shields
 27442 | Slime:1  | Entered Level 1 of the Pits of Slime
 27767 | Orc:2    | Found Tetodgh's Antique Armour Boutique.
 27954 | Orc:2    | Found Ieylep's Incredible Inventory.
 28224 | Orc:2    | Found Laenanou's Antique Weapon Shoppe.
 28444 | Orc:2    | Bought a runed demon whip for 522 gold pieces
 28552 | Orc:2    | Found a staircase to the Elven Halls.
 28683 | Elf:1    | Entered Level 1 of the Elven Halls
 30165 | Elf:1    | Noticed Azrael
 30170 | Elf:1    | Killed Azrael
 30456 | Elf:1    | Reached skill level 16 in Shields
 31608 | Elf:2    | Paralysed by an air elemental for 1 turns
 31885 | Snake:1  | Entered Level 1 of the Snake Pit
 32286 | Snake:1  | Found Udgh's Book Emporium.
 32289 | Snake:1  | Found Famy's Antique Weapon Shoppe.
 32291 | Snake:1  | Found Bufouf's Assorted Antiques.
 32299 | Snake:1  | Bought a scroll of fog for 68 gold pieces
 32299 | Snake:1  | Bought a potion of haste for 340 gold pieces
 32376 | Snake:1  | Found Ceycoes's Distillery.
 32610 | Snake:1  | Noticed Aizul
 32615 | Snake:1  | Killed Aizul
 33309 | Snake:1  | Reached XP level 17. HP: 58/136 MP: 17/17
 33623 | Snake:2  | Reached ****** piety under Hepliaklqana
 35525 | Snake:3  | Reached skill level 17 in Shields
 36057 | Snake:4  | Entered Level 4 of the Snake Pit
 38178 | Snake:4  | Reached skill level 15 in Fighting
 38253 | Snake:4  | Noticed Asterion
 38534 | Snake:3  | Killed Asterion
 38684 | Snake:4  | Reached skill level 15 in Dodging
 38911 | Snake:4  | Got a serpentine rune of Zot
 39191 | Swamp:1  | Entered Level 1 of the Swamp
 39657 | Elf:2    | Reached skill level 18 in Shields
 39658 | Elf:2    | Reached XP level 18. HP: 105/146 MP: 18/18
 40245 | Elf:2    | Found a runed translucent gate.
 40246 | Elf:2    | Found a runed translucent gate.
 40246 | Elf:2    | Found a runed translucent gate.
 41315 | Elf:3    | Entered Level 3 of the Elven Halls
 41417 | Elf:3    | Found Legoos's Jewellery Shoppe.
 41418 | Elf:3    | Found Muzotah's Book Boutique.
 41420 | Elf:3    | Found Kujum's Jewellery Shoppe.
 41864 | Elf:3    | Reached skill level 10 in Stealth
 42191 | Elf:3    | Identified a scroll of acquirement
 42838 | Elf:3    | Identified the +10 spear of Fragile Peace {speed, rCorr
                  | Dex+3}
 42992 | Elf:3    | Paralysed by an air elemental for 1 turns
 43525 | Elf:3    | Identified the +1 robe of Vexation {rC+ rCorr Str+3}
 44284 | Elf:3    | Identified the +4 glaive of Eternal Night {flame, Will++}
 44297 | Elf:3    | Identified the +2 halberd of Ru {venom, rF+}
 44304 | Elf:3    | Reached skill level 19 in Shields
 44978 | Elf:3    | Reached XP level 19. HP: 75/151 MP: 19/19
 45262 | Elf:3    | Identified the +6 hunting sling "Ceonkuk" {vorpal, Int+4}
 45294 | Elf:3    | Got the Collected Works on the Traveller and Creation
 45868 | Elf:3    | Identified the +1 quarterstaff of Checks and Balances
                  | {vorpal, rF+ rCorr Str+4}
 46223 | Lair:1   | Acquired the +10 morningstar "Eos" {elec, Halo rElec}
 46223 | Lair:1   | Found the +10 morningstar "Eos" {elec, Halo rElec}
 47946 | Swamp:2  | Noticed Donald
 47961 | Swamp:2  | Killed Donald
 48666 | Swamp:3  | Found a transporter.
 48798 | Swamp:3  | Found a transporter.
 49342 | Swamp:4  | Entered Level 4 of the Swamp
 49372 | Swamp:4  | Found a frozen archway.
 49377 | IceCv    | Entered an ice cave
 49675 | IceCv    | Found an ancient bone altar of Kikubaaqudgha.
 49762 | IceCv    | Reached skill level 20 in Shields
 52127 | Swamp:4  | Reached XP level 20. HP: 162/165 MP: 20/20
 52576 | Swamp:4  | Found a basalt altar of Yredelemnul.
 53206 | Elf:3    | Bought a ring of resist corrosion for 280 gold pieces
 53575 | Swamp:4  | Found a blossoming altar of Fedhas.
 53722 | Swamp:4  | Got a decaying rune of Zot
 54294 | Slime:3  | Gained mutation: Your magical capacity is low. (-10% MP) [a
                  | shining eye]
 54321 | Slime:3  | Gained mutation: Your body sometimes deteriorates upon
                  | taking damage. [a shining eye]
 54687 | Slime:5  | Entered Level 5 of the Pits of Slime
 54725 | Slime:5  | Found a viscous altar of Jiyva.
 54725 | Slime:5  | Noticed the Royal Jelly
 54907 | Slime:5  | Found the +14 obsidian axe {vorpal, Mesm Drain Fly SInv}
 54942 | Slime:5  | Killed the Royal Jelly
 54943 | Slime:5  | HP: 7/168 [rockslime[the Royal Jelly] (38)]
 54945 | Slime:4  | Slain by an acid blob

Illustrated notes

Levels and vault maps discovered:
D:1:      lemuel_arrival_hallway, layout_basic,
          shapermc_ecumenical_altar_acropolis, interstate_on_off
D:2:      layout_basic
D:3:      layout_rooms, hangedman_abyss_or_decor_stabs, goddamned_bats,
          uniq_sigmund
D:4:      layout_layer_cave, grunt_temple_overflow_open,
          minmay_temple_entry_offerings, uniq_natasha
D:5:      layout_basic
D:6:      layout_gridville, minmay_misc_feat_rows, uniq_eustachio
D:7:      layout_basic, bloody_trog, grunt_ministairs_5, minmay_misc_feat_x,
          uniq_harold
D:8:      layout_cave_pools, st_stairs_5
D:9:      layout_long_grid, orc_0_dummy, gammafunk_ghost_nasty_kobolds,
          minmay_lizard_king
D:10:     layout_roguey, erik_lair_orcish_takeover
D:11:     minmay_opposing_rooms, layout_irregular_city, uniq_fannar
D:12:     layout_loops_ring, gauntlet_entry_generic,
          nicolae_trove_entry_crystal, nicolae_benzene_ring, uniq_kirke
D:13:     layout_roguey, nzn_ghost_randoct
D:14:     layout_cave_pods, grunt_vaults_entry_fortified, minivault_19,
          fiery_altar_vehumet, uniq_rupert
D:15:     grunt_enter_depths_giant_problem, layout_basic, minmay_lindwurm_lava
Temple:   mainiacjoe_temple_coin_purse
Lair:1:   layout_roguey, basic_altar
Lair:2:   layout_chaotic_city, minmay_snake_entry_spellcaster,
          chequers_serial_rivers_micro_c
Lair:3:   layout_concentric_octagons, nicolae_swamp_entry_splash_gauntlet,
          grunt_megastairs_4
Lair:4:   layout_gridlike, st_stairs_8, worms_lemuel, serial_bayou_shore_b
Lair:5:   gammafunk_boulding_lane, layout_regular_city, grunt_megastairs_5,
          lemuel_fruit_fields, uniq_urug
Lair:6:   gammafunk_lair_ancient_temple, layout_misc_corridors,
          minmay_slime_entry_eyes
Swamp:1:  layout_falls_marsh, serial_swamp_ruin, evilmike_swamp_ruin_house_6,
          evilmike_swamp_ruin_wall, evilmike_swamp_ruin_house_2
Swamp:2:  layout_falls_marsh, nicolae_swamp_bean_lake, swamp_pool1, uniq_donald
Swamp:3:  layout_basic_swamp, gammafunk_ghost_mausoleum,
          evilmike_swamp_ruin_house_3
Swamp:4:  byrel_swamp_growth_death_and_undeath, layout_basic_swamp,
          portal_ice_cave_entry_pillars_four, swamp_pool2,
          nicolae_swamp_spooky_pond
Snake:1:  layout_chambers, serial_shops, nicolae_square_shop, minmay_shop_star,
          grunt_megastairs_1, uniq_aizul
Snake:2:  nicolae_sea_snake_s, layout_gridlike, grunt_megastairs_2
Snake:3:  layout_onion_interference
Snake:4:  minmay_snake_end_coiled, layout_rooms, lemuel_fruit_tree,
          uniq_asterion
Slime:1:  layout_caves, cheibrodos_slime_lost_civilization_5
Slime:2:  layout_caves
Slime:3:  layout_caves
Slime:4:  layout_caves, uniq_dissolution
Slime:5
Orc:1:    minmay_goldmine, layout_diamond_mine, hellmonk_ghost_happy_afterlife,
          uniq_nergalle
Orc:2:    grunt_orc_gardens, layout_caves, grunt_orc_garden, grunt_orc_garden,
          grunt_orc_garden, grunt_orc_garden, nicolae_alphabet_shops,
          abandoned_shop
Elf:1:    eino_elf_arrival_customs, layout_geoelf_grid, evilmike_minifort,
          uniq_azrael
Elf:2:    elven_hall_of_blades_hangedman_original [nicolae_blade_tridents],
          layout_rooms, st_stairs_4, grunt_ministairs_1, dk_noncrumbling_4,
          uniq_louise
Elf:3:    grunt_elf_hall_branching, layout_geoelf_castle, minmay_shop_grove

Skill      XL: |  1  2  3  4  5  6  7  8  9 10 11 12 13 14 15 16 17 18 19 20 |
---------------+-------------------------------------------------------------+-----
Maces & Flails | 3 4 5 6 7 9 12 14 15 16 17 18 | 18.5
Shields        | 4 5 7 9 11 13 14 16 18 19 20 | 20.9
Fighting       | 5 9 11 12 13 14 15 16 17 | 17.9
Dodging        | 3 6 8 10 11 12 13 15 16 17 | 17.0
Stealth        | 3 6 7 9 10 11 | 11.0
Throwing       | 1 3 |  3.1

Action                   |  1- 3 |  4- 6 |  7- 9 | 10-12 | 13-15 | 16-18 | 19-21 || total
-------------------------+-------+-------+-------+-------+-------+-------+-------++-------
Melee: Flail             |   100 |   168 |   180 |    55 |       |       |       ||   503
       Tailslap          |    10 |    19 |    31 |   188 |   266 |   372 |   234 ||  1120
       Punch             |       |     5 |     1 |       |       |       |       ||     6
       Whip              |       |       |       |   820 |  1118 |   198 |       ||  2136
       Demon whip        |       |       |       |       |       |  1506 |   957 ||  2463
       Morningstar       |       |       |       |       |       |       |    76 ||    76
Throw: Javelin           |       |       |       |     4 |     5 |     4 |     3 ||    16
       Throwing net      |       |       |       |       |       |     1 |       ||     1
Invok: Recall Ancestor   |       |       |     1 |     4 |     5 |     7 |     3 ||    20
       Ancestor Identity |       |       |     1 |       |       |       |       ||     1
       Ancestor Life: He |       |       |     1 |       |       |       |       ||     1
       Transference      |       |       |       |       |       |     2 |       ||     2
 Abil: Breathe Fire      |       |       |    21 |    71 |    50 |    44 |     7 ||   193
Evoke: Wand              |       |       |       |       |     2 |       |       ||     2
       Phantom mirror    |       |       |       |       |       |     1 |     1 ||     2
  Use: Potion            |     2 |       |     2 |       |     3 |     1 |     3 ||    11
       Scroll            |       |       |     6 |    10 |    12 |     5 |    12 ||    45
 Stab: Distracted        |       |       |     1 |    12 |    24 |    28 |    14 ||    79
       Sleeping          |       |       |     1 |     5 |    40 |    47 |    26 ||   119
       Confused          |       |       |       |    24 |    25 |    18 |    41 ||   108
       Paralysed         |       |       |       |       |     1 |    29 |    25 ||    55
       Held in net/web   |       |       |       |       |       |     2 |       ||     2
       Invisible         |       |       |       |       |       |     1 |       ||     1
Armor: Skin              |    42 |    91 |    53 |   161 |   109 |    97 |   110 ||   663
Dodge: Dodged            |    87 |   188 |   109 |   322 |   301 |   571 |   410 ||  1988
Block: Buckler           |       |       |    36 |   213 |     2 |       |       ||   251
       Kite shield       |       |       |       |       |   745 |  1280 |   673 ||  2698
       Reflection        |       |       |       |       |    20 |   155 |    17 ||   192
       Tower shield      |       |       |       |       |       |       |   102 ||   102
